 Dungeon Crawl Stone Soup version 0.26.0-16-gc1dbca0489 (webtiles) character file.

Game seed: 15096924002474681335

54 shakesphere1979 the Skirmisher (level 3, -1/20 HPs)
             Began as a Vine Stalker Berserker on Jan 19, 2021.
             Was a Follower of Trog.
             Slain by a gnoll
             ... wielding a +0 spear
              (4 damage)
             ... on level 2 of the Dungeon.
             The game lasted 00:03:12 (2135 turns).

shakesphere1979 the Skirmisher (VSBe)               Turns: 2135, Time: 00:03:12

Health: -1/20      AC:  3    Str: 20    XL:     3   Next: 91%
Magic:  0/4        EV: 12    Int:  7    God:    Trog [*.....]
Gold:   154        SH:  0    Dex: 13    Spells: 2/2 levels left

rFire    . . .     SeeInvis .   a - +0 hand axe
rCold    . . .     Faith    .   (no shield)
rNeg     . . .     Spirit   +   b - +0 animal skin
rPois    .         Reflect  .   (no helmet)
rElec    .         Harm     .   (no cloak)
rCorr    .         Rampage  .   (no gloves)
Will     .....                  g - +0 pair of boots
Stlth    +.........             (no amulet)
HPRegen  0.06/turn              (no ring)
MPRegen  0.09/turn              (no ring)

@: no status effects
A: fangs 2, magic shield, antimagic bite, no potion heal 3
a: Renounce Religion, Berserk


You were on level 2 of the Dungeon.
You worshipped Trog.
Trog was aware of your devotion.
You visited 1 branch of the dungeon, and saw 3 of its levels.

You collected 154 gold pieces.

Inventory:

Hand Weapons
 a - a +0 hand axe (weapon)
 i - a +0 short sword
Missiles
 d - 57 stones
 e - 22 bolts
 f - 29 sling bullets
 j - 17 poisoned darts
Armour
 b - a +0 animal skin (worn)
 g - a +0 pair of boots (worn)
Jewellery
 l - a +6 ring of strength {unknown}
 r - an uncursed ring of positive energy
 s - a +6 ring of dexterity {unknown}
Scrolls
 c - a scroll of magic mapping {unknown}
 k - 2 scrolls of remove curse {unknown}
 m - 2 scrolls of random uselessness {unknown}
 n - a scroll of immolation {unknown}
 o - 8 scrolls of identify {unknown}
 p - a scroll of teleportation {unknown}
 q - a scroll of enchant weapon {unknown}
Potions
 h - 2 potions of curing {unknown}


   Skills:
 + Level 3.3 Fighting
 - Level 2.6 Axes
 + Level 2.3 Armour
 + Level 2.3 Dodging


You had 2 spell levels left.
You didn't know any spells.
Your spell library was empty.

Dungeon Overview and Level Annotations

Branches:
Dungeon (3/15)

Altars:
Qazlal
Yredelemnul


Innate Abilities, Weirdness & Mutations

You have extremely sharp teeth.
When hurt, damage is shared between your health and your magic reserves.
Your bite disrupts and absorbs the magic of your enemies.
Potions cannot restore your health.


Message History

You climb downwards. 4 gnolls come into view.
The gnoll shouts! x4; You hear an angry hiss.
Found 22 stones.
Found a stone staircase leading down.
There is a stone staircase leading up here.
The gnoll hits you with a +0 flail. The gnoll hits you with a +0 spear.
You climb upwards.
There is a stone staircase leading down here.
You closely miss the gnoll. You hit the gnoll.
The gnoll hits you with a +0 spear!
* * * LOW HITPOINT WARNING * * *
The gnoll barely misses you.
You are too injured to fight recklessly!
You hit the gnoll but do no damage. Your bite misses the gnoll.
The gnoll is moderately wounded.
You hit the gnoll. The gnoll hits you with a +0 spear.
* * * LOW HITPOINT WARNING * * *
The gnoll closely misses you. The gnoll hits you with a +0 spear.
You die...

#...........#.##...._.....#####
##............................#
......###.###...###...###.....#
................#E#...#E#.....#
##.............####...###.#######
.................#............#..
.....#...........................
....#.#....#<.g..........######..
...#._.#.......>@.(......# ###
.#..#.#........g.#.......#
.....#....#......#######.###
..........#......# ##......##
#.......###......###........##
........##...######..........#
.........#..## #..........#
.......#....# #..........#
.......#.>..#######..........#


You could see an air elemental and 2 gnolls.

Vanquished Creatures
  2 adders (D:2)
  2 oozes (D:1)
  A dart slug (D:2)
  A leopard gecko (D:2)
  4 giant cockroaches
  2 hobgoblins (D:1)
  4 bats
  7 kobolds
  5 rats
28 creatures vanquished.

Vanquished Creatures (others)
  A withered plant (D:2)
1 creature vanquished.

Grand Total: 29 creatures vanquished

Notes
Turn   | Place    | Note
-------+----------+-------------------------------------------
     0 | D:1      | shakesphere1979 the Vine Stalker Berserker began the quest
                  | for the Orb.
     0 | D:1      | Reached XP level 1. HP: 11/11 MP: 2/2
   326 | D:1      | Reached XP level 2. HP: 12/16 MP: 3/3
   637 | D:1      | Reached skill level 3 in Fighting
  1173 | D:1      | Reached XP level 3. HP: 20/20 MP: 4/4
  1219 | D:2      | Noticed an air elemental
  1259 | D:2      | Found a stormy altar of Qazlal.
  1270 | D:2      | Found a faded altar of an unknown god.
  1582 | D:2      | Found a basalt altar of Yredelemnul.
  2046 | D:2      | Noticed an earth elemental
  2047 | D:2      | Noticed a fire elemental
  2047 | D:2      | Noticed a water elemental
  2135 | D:2      | Slain by a gnoll

Illustrated notes

Levels and vault maps discovered:
D:1:      minmay_arrival_widening_spiral_wide, layout_loops_corners
D:2:      layout_rooms, yredelemnul_altar_generic,
          chequers_ecumenical_altar_simple_redux,
          nicolae_qazlal_style_of_elements
D:3:      layout_basic, grunt_temple_overflow_open, uniq_natasha, uniq_grinder,
          uniq_crazy_yiuf_cottage

Skill      XL: |  1  2 |
---------------+-------+-----
Fighting       | 3 |  3.3
Armour         | 2 |  2.3
Dodging        | 2 |  2.3
Axes           | |  2.6

Action                   || total
-------------------------++-------
Melee: Hand axe          ||    84
       Bite              ||    20
 Stab: Sleeping          ||     2
Armor: Animal skin       ||    27
Dodge: Dodged            ||    59
